AoeStats
← Fyiğit39

Black Forest

507838613Analyzed
3v3 RM · 11d ago on Sep 19, 2026· 49m 21s· 6 players
Game mode
Random Map
Map size
Normal (6 player)
Population
200
Speed
Normal
Resources
Standard
Victory
Conquest
Starting age
Dark Age
Ending age
Imperial Age
RankedLock teamsTeams togetherTeam positionsShared explorationLock speedFull tech treeHidden civsTurbo modeCheats
Victory
Defeat
🇨🇿 Britons · Czechia
858
+13
🇧🇷 Franks · Brazil
854
+13
🇹🇷 Khmer · Türkiye
780
+16
🇺🇸 Persians · United States
866
-42
🇺🇸 Huns · United States
827
-32
🇺🇸 Burgundians · United States
669
-10
UncleMike2244
1:18 Wheelbarrow
3:43 Loom
5:01 Double-Bit Axe
12:05 Gold Mining
14:46 Horse Collar
16:47 Feudal Age
15:55 Stone Mining
19:22 Bow Saw
19:18 Caravan
20:13 Heavy Plow
21:54 Hand Cart
22:21 Gold Shaft Mining
24:11 Stone Shaft Mining
31:13 Castle Age
29:27 Forging
29:23 Scale Barding Armor
34:11 Iron Casting
33:56 Chain Barding Armor
34:44 Guilds
37:37 Imperial Age
34:45 Cavalier
36:02 Husbandry
37:43 Paladin
41:07 Murder Holes
41:23 Fortified Wall
43:54 Flemish Revolution
rocknrollperson3
13:20 Feudal Age
17:20 Castle Age
15:42 Horse Collar
15:49 Double-Bit Axe
21:18 Wheelbarrow
22:40 Heavy Plow
23:45 Bow Saw
26:19 Hand Cart
27:55 Fletching
28:16 Forging
28:07 Padded Archer Armor
28:08 Scale Mail Armor
28:13 Scale Barding Armor
28:06 Pikeman
28:46 Squires
28:32 Arson
29:21 Bodkin Arrow
31:40 Leather Archer Armor
31:40 Chain Mail Armor
32:00 Iron Casting
32:16 Chain Barding Armor
32:33 Murder Holes
33:08 Marauders
33:50 Gold Mining
33:55 Stone Mining
34:03 Loom
37:10 Imperial Age
34:22 Elite Skirmisher
35:07 Thumb Ring
37:19 Halberdier
39:05 Blast Furnace
38:06 Bracer
38:42 Plate Barding Armor
39:29 Ballistics
40:15 Two-Man Saw
39:20 Capped Ram
40:11 Siege Ram
44:47 Conscription
Reedr
13:55 Feudal Age
14:17 Horse Collar
14:55 Double-Bit Axe
15:54 Wheelbarrow
22:37 Castle Age
23:35 Hand Cart
23:31 Heavy Plow
23:45 Bow Saw
26:46 Hand Cart
25:59 Pikeman
26:01 Elite Skirmisher
26:57 Gold Mining
27:00 Stone Mining
34:38 Masonry
34:50 Ballistics
35:20 Stone Shaft Mining
35:22 Gold Shaft Mining
38:06 Imperial Age
37:45 Murder Holes
41:00 Chemistry
41:21 Elite War Elephant
45:26 Crop Rotation
ftgiants
4:03 Loom
11:57 Feudal Age
13:12 Double-Bit Axe
22:06 Castle Age
21:02 Gold Mining
23:16 Scale Barding Armor
23:15 Stone Mining
25:28 Wheelbarrow
26:02 Gold Shaft Mining
25:43 Forging
28:41 Bow Saw
32:22 Imperial Age
30:34 Padded Archer Armor
30:24 Fletching
32:00 Leather Archer Armor
34:41 Chemistry
33:48 Husbandry
34:45 Conscription
34:42 Cavalier
36:33 Hand Cart
38:34 Bodkin Arrow
39:00 Chain Barding Armor
41:14 Chivalry
42:22 Iron Casting
42:24 Plate Barding Armor
Fyiğit39
3:32 Loom
12:01 Feudal Age
18:17 Castle Age
17:05 Double-Bit Axe
17:03 Horse Collar
17:23 Gold Mining
20:28 Wheelbarrow
21:45 Bow Saw
22:09 Heavy Plow
25:20 Gold Shaft Mining
25:09 Scale Mail Armor
26:29 Hand Cart
27:04 Stone Mining
31:22 Stone Shaft Mining
35:45 Imperial Age
34:35 Caravan
34:53 Forging
34:48 Scale Barding Armor
34:55 Scale Barding Armor
36:06 Pikeman
36:32 Arson
37:26 Iron Casting
37:06 Chain Mail Armor
37:11 Chain Barding Armor
38:25 Conscription
38:03 Elite Battle Elephant
38:52 Halberdier
40:42 Crop Rotation
45:38 Blast Furnace
45:13 Plate Barding Armor
44:29 Fletching
44:39 Padded Archer Armor
44:50 Elite Ballista Elephant
Ctibor
0:27 Loom
11:54 Feudal Age
17:04 Horse Collar
17:12 Double-Bit Axe
24:31 Castle Age
22:37 Fletching
23:10 Padded Archer Armor
26:33 Heavy Plow
28:02 Wheelbarrow
29:07 Hand Cart
29:41 Bow Saw
29:43 Caravan
33:17 Imperial Age
31:52 Ballistics
32:42 Bodkin Arrow
33:02 Leather Archer Armor
32:50 Murder Holes
34:52 Siege Engineers
35:51 Chemistry
36:40 Conscription
36:45 Elite Longbowman
38:50 Two-Man Saw
41:51 Yeomen
41:37 Bracer
42:22 Ring Archer Armor
43:57 Warwolf
44:13 Fortified Wall
44:19 Forging
44:15 Scale Barding Armor
Connection lost

Rejoining the realm…

Still unreachable

The connection could not be restored.

Session expired

The server has moved on; the page needs a fresh start.